 Dungeon Crawl Stone Soup version 0.29.1-1-gd02db6906a (webtiles) character file.

Game seed: 11964791001156910034

400 Anriel the Poker (level 6, -7/46 HPs)
             Began as a Demonspawn Gladiator on Oct 11, 2022.
             Killed by an exploding wraith (16 damage)
             ... ignited by their inner flame
             ... in an ossuary.
             The game lasted 00:23:22 (3221 turns).

Anriel the Poker (Demonspawn Gladiator)             Turns: 3221, Time: 00:23:22

Health: -7/46      AC: 10    Str: 17    XL:     6   Next: 54%
Magic:  6/6        EV:  8    Int:  9    God:
Gold:   132        SH:  0    Dex: 14    Spells: 5/5 levels left

rFire   . . .      SeeInvis .   a - +0 trident
rCold   . . .      Faith    .   (no shield)
rNeg    . . .      Spirit   .   t - +0 chain mail
rPois   .          Reflect  .   c - +0 helmet
rElec   .          Harm     .   (no cloak)
rCorr   .          Rampage  .   (no gloves)
Will    .....                   (no boots)
Stlth   ..........              (no amulet)
HPRegen 0.15/turn               (no ring)
MPRegen 0.20/turn               (no ring)

@: slowed, very slow
A: magic regeneration, sharp scales 1
a: no special abilities


You were in an ossuary.
You visited 1 branch of the dungeon, and saw 4 of its levels.
You also visited: Ossuary.

You collected 132 gold pieces.

Inventory:

Hand Weapons
 a - a +0 trident (weapon)
 i - a +0 sling
Missiles
 d - 4 throwing nets (quivered)
 e - a javelin
 s - 12 stones
Armour
 c - a +0 helmet (worn)
 t - a +0 chain mail (worn)
Wands
 b - a wand of flame (24)
Scrolls
 f - a scroll of butterflies {unknown}
 g - a scroll of noise {unknown}
 k - 3 scrolls of teleportation
 l - a scroll of magic mapping {unknown}
 q - a scroll of poison
 r - a scroll of immolation
Potions
 j - a potion of haste
 m - a potion of attraction
 n - a potion of brilliance
 o - a potion of curing
 p - a potion of might
 u - 2 potions of ambrosia


   Skills:
 + Level 2.9 Fighting
 + Level 5.0 Polearms
 + Level 2.0 Throwing
 + Level 1.8 Armour
 * Level 3.9 Dodging
 + Level 1.0 Stealth
 + Level 0.3 Evocations


You had 5 spell levels left.
You didn't know any spells.
Your spell library contained the following spells:

 Spells                   Type           Power      Damage    Failure   Level
 Beastly Appendage        Tmut           0%         N/A       100%        1
 Poisonous Vapours        Pois/Air       0%         N/A       100%        2
 Wereblood                Tmut           0%         N/A       100%        2
 Spider Form              Tmut/Pois      0%         N/A       100%        3
 Corpse Rot               Necr/Pois/Air  0%         N/A       100%        4


Dungeon Overview and Level Annotations

Branches:
Dungeon (4/15)            Ossuary (1/1)
 Temple: D:4-7

Altars:
Dithmenos


Innate Abilities, Weirdness & Mutations

You regenerate magic rapidly.
You are partially covered in razor-sharp scales. (AC +1, Slay +1)


Message History

The puff of flame misses the wraith.
The wraith hits you! The wraith barely misses you.
Aiming: Throw Flame
Press: ? - help, Shift-Dir - straight line, f/p - wraith
Aim: a wraith (heavily damaged, 68% to hit)
The puff of flame hits the wraith!
The wraith is severely damaged.
The wraith barely misses you.
Aiming: Throw Flame
Press: ? - help, Shift-Dir - straight line, f/p - wraith
Aim: a wraith (severely damaged, 68% to hit)
The puff of flame hits the wraith.
The wraith is severely damaged.
The wraith hits you but does no damage. The wraith hits you!
The wraith drains your vigour!
You feel as though you will be slow longer.
Aiming: Throw Flame
Press: ? - help, Shift-Dir - straight line, f/p - wraith
Aim: a wraith (severely damaged, 68% to hit)
The puff of flame misses the wraith.
The wraith hits you but does no damage.
Really read the scroll of immolation?
Uppercase [Y]es or [N]o only, please.
Really read the scroll of immolation?
As you read the scroll of immolation, it crumbles to dust.
The creatures around you are filled with an inner flame!
The wraith hits you. The wraith drains your vigour!
You feel as though you will be slow longer.
The wraith hits you. The wraith drains your vigour!
You feel as though you will be slow longer.
The wraith attacks as you move away! The wraith hits you.
The wraith drains your vigour!
You feel as though you will be slow longer.
The wraith completely misses you. The wraith attacks as you move away!
The wraith hits you. The wraith hits you!
* * * LOW HITPOINT WARNING * * *
You puncture the wraith!
The wraith explodes!
The fiery explosion engulfs you!
You die...

.∩.....................∩.#
.......#####'#####.......#
......##.........##......#
.....##...#####...##.....#
....##...##...##...##....#
....#...##.!!..##...#....#
....'...'..?!??.#...+....#
....#..W##.?!?.##...#....#
....##...##...##@..##....#
.....##...#####§§.##.....#
......##.......§.##......#
.......#####'#####.......#
.∩.....................∩.#
.........................#
###########'''############
####...#### #..'...'..#


There were no monsters in sight!

Vanquished Creatures
  Sigmund (D:3)
  A wraith (Ossuary)
  A phantom (D:4)
  A scorpion (D:4)
  A mummy (Ossuary)
  An adder (D:2)
  3 worms
  2 dart slugs
  An orc (D:3)
  2 endoplasms
  2 giant cockroaches (D:2)
  6 goblins
  2 hobgoblins
  7 jackals (D:1)
  4 ball pythons
  3 bats
  2 frilled lizards
  6 gnoll skeletons (Ossuary)
  2 kobolds
  8 kobold skeletons (Ossuary)
  11 orc skeletons (Ossuary)
  3 rats
70 creatures vanquished.

Vanquished Creatures (others)
  A withered plant (D:4)
1 creature vanquished.

Grand Total: 71 creatures vanquished

Notes
Turn   | Place    | Note
-------+----------+-------------------------------------------
     0 | D:1      | Anriel the Demonspawn Gladiator began the quest for the
                  | Orb.
     0 | D:1      | Reached XP level 1. HP: 16/16 MP: 1/1
    95 | D:1      | Gained mutation: You regenerate magic rapidly. [demonic
                  | ancestry]
    95 | D:1      | Reached XP level 2. HP: 20/22 MP: 2/2
   123 | D:1      | Reached skill level 3 in Polearms
   298 | D:1      | Found a faded altar of an unknown god.
  1230 | D:2      | Gained mutation: You are partially covered in razor-sharp
                  | scales. (AC +1, Slay +1) [demonic ancestry]
  1230 | D:2      | Reached XP level 3. HP: 27/27 MP: 3/3
  1800 | D:3      | Found a shadowy altar of Dithmenos.
  1959 | D:3      | Noticed Sigmund
  2401 | D:3      | Killed Sigmund
  2402 | D:3      | Reached skill level 4 in Polearms
  2402 | D:3      | Reached skill level 1 in Armour
  2402 | D:3      | Reached XP level 4. HP: 30/34 MP: 4/4
  2402 | D:3      | Reached XP level 5. HP: 34/39 MP: 5/5
  2610 | D:4      | Noticed a phantom
  2625 | D:4      | Reached skill level 1 in Stealth
  2625 | D:4      | Reached XP level 6. HP: 39/46 MP: 6/6
  2647 | D:4      | Reached skill level 5 in Polearms
  2749 | D:4      | Found a sand-covered staircase.
  2761 | Ossuary  | Entered an ossuary
  2761 | Ossuary  | Noticed a wraith
  2761 | Ossuary  | Noticed a wraith
  2761 | Ossuary  | Noticed a wraith
  3170 | Ossuary  | Noticed a wraith
  3221 | Ossuary  | Killed a wraith
  3221 | Ossuary  | Killed by an exploding wraith... ignited by their inner
                  | flame

Illustrated notes

Levels and vault maps discovered:
D:1:      dpeg_arrival_boxes_within_box, layout_basic,
          chequers_ecumenical_altar_twisty
D:2:      layout_basic
D:3:      layout_basic, nicolae_dithmenos_through_a_glass_darkly,
          kennysheep_generic_room_12, uniq_sigmund
D:4:      layout_loops_corners, minmay_temple_entry_trees,
          chequers_ossuary_entry_cave, serial_undead, serial_undead_c,
          serial_undead_b, serial_undead_e, serial_undead_f, serial_undead_b,
          serial_undead_e, minmay_misc_feat_pillars,
          chequers_serial_rivers_micro_d
Ossuary:  ossuary_due_mausoleum

Skill      XL: |  1  2  3  4  5  6 |
---------------+-------------------+-----
Dodging        | 3 |  3.9
Polearms       | 3 4 5 |  5.0
Throwing       | 2 |  2.0
Armour         | 1 |  1.8
Stealth        | 1 |  1.0
Fighting       | |  2.9
Evocations     | |  0.3

Action                   |  1- 3 |  4- 6 || total
-------------------------+-------+-------++-------
Melee: Trident           |   119 |   118 ||   237
       Punch             |     1 |     1 ||     2
Evoke: Wand              |     3 |     4 ||     7
  Use: Potion            |     8 |       ||     8
       Scroll            |     7 |     4 ||    11
 Stab: Sleeping          |     1 |       ||     1
Armor: Leather armour    |    14 |       ||    14
       Chain mail        |     2 |    66 ||    68
Dodge: Dodged            |    49 |    40 ||    89
